Map: Catalyst LE

Players

ShoWTimE - Winner!

  • Race: Protoss Protoss
  • Spawn Location: 5:00

Kelazhur

  • Race: Terran Terran
  • Spawn Location: 11:00

Event: WCS Leipzig 2018

VOD

Have the link to the VOD?

Description

Time

  • Played on: Jan. 26, 2018, 1:01 p.m.
  • Length: 12:36

All games in this series

Show
View Real Time Build Order
Export as new Build Order

ShoWTimE Protoss - Winner!

Build Orders: 1 Gate Expand, Oracle Opening 

Get SALT Encoding   

  12  0:00  Probe  
  13  0:12  Probe  
  14  0:17  Pylon  
  14  0:24  Probe (Chrono Boost)  
  15  0:37  Probe (Chrono Boost)  
  15  0:38  Gateway  
  16  0:44  Probe (Chrono Boost)  
  16  0:46  Assimilator  
  17  0:51  Probe  
  18  1:03  Probe  
  19  1:15  Probe  
  20  1:25  Nexus  
  20  1:35  Cybernetics Core  
  20  1:38  Probe  
  21  1:45  Assimilator  
  21  1:51  Probe  
  22  1:55  Pylon  
  22  2:03  Probe  
  23  2:11  Adept (Chrono Boost)  
  23  2:15  Probe  
  26  2:18  Stargate  
  26  2:24  Warp Gate  
  26  2:27  Probe  
  27  2:30  Adept (Chrono Boost)  
  29  2:38  Probe  
  29  2:39  Probe  
  31  2:50  Adept (Chrono Boost), Probe  
  34  2:51  Probe  
  35  3:01  Oracle (Chrono Boost)  
  35  3:03  Probe x2  
  40  3:11  Pylon  
  40  3:15  Probe x2  
  43  3:27  Probe x2  
  43  3:28  Oracle (Chrono Boost)  
  47  3:37  Gateway  
  47  3:39  Probe x2  
  49  3:42  Gateway  
  49  3:51  Probe  
  49  3:52  Probe  
  49  3:55  Pylon  
  53  4:03  Probe  
  53  4:07  Probe  
  53  4:11  Nexus  
  53  4:13  Pylon  
  53  4:15  Probe  
  54  4:19  Assimilator  
  54  4:21  Probe, Assimilator  
  55  4:27  Probe  
  55  4:28  Sentry  
  58  4:32  Twilight Council  
  58  4:33  Probe  
  58  4:37  Forge  
  59  4:39  Probe  
  59  4:45  Probe  
  61  4:51  Probe  
  61  4:52  Sentry  
  64  4:53  Stalker x2  
  64  4:57  Probe  
  69  5:01  Blink (Chrono Boost)  
  69  5:03  Probe  
  69  5:04  Protoss Ground Weapons Level 1 (Chrono Boost), Pylon  
  70  5:07  Gateway  
  70  5:22  Probe x2, Gateway  
  70  5:25  Gateway  
  70  5:28  Stalker  
  74  5:29  Probe  
  74  5:34  Shield Battery, Probe  
  76  5:35  Sentry  
  76  5:37  Probe  
  76  5:41  Probe  
  80  5:43  Stalker  
  80  5:46  Probe  
  80  5:49  Probe  
  84  5:51  Pylon  
  84  5:53  Probe  
  84  5:54  Stalker  
  87  6:01  Stalker  
  89  6:06  Stalker x2, Pylon  
  89  6:10  Phoenix  
  95  6:18  Stalker  
  95  6:23  Gateway  
  95  6:24  Gateway  
  97  6:27  Stalker x2  
  101  6:36  Stalker x2  
  101  6:38  Protoss Ground Armor Level 1  
  101  6:39  Probe x3  
  108  6:41  Assimilator  
  108  6:42  Charge (Chrono Boost)  
  108  6:43  Robotics Facility, Pylon  
  108  6:45  Assimilator  
  108  6:51  Probe  
  109  6:57  Pylon  
  109  7:01  Probe x2  
  111  7:03  Probe  
  112  7:10  Nexus  
  112  7:11  Pylon  
  112  7:13  Probe  
  113  7:18  Pylon  
  113  7:27  Pylon  
  110  7:32  Stalker x7  
  110  7:36  Observer, Pylon  
  125  7:42  Robotics Bay  
  125  7:44  Robotics Facility  
  125  7:46  Pylon  
  125  7:47  Probe x2  
  127  7:56  Forge  
  127  7:58  Pylon  
  127  8:00  Probe  
  127  8:01  Probe  
  127  8:04  Observer  
  130  8:13  Pylon  
  130  8:16  Shield Battery  
  130  8:19  Pylon  
  130  8:21  Zealot x6, Pylon  
  130  8:26  Probe x2  
  144  8:30  Colossus (Chrono Boost)  
  144  8:34  Extended Thermal Lance, Colossus (Chrono Boost)  
  156  8:41  Protoss Ground Weapons Level 2 (Chrono Boost)  
  153  8:53  Protoss Ground Armor Level 2 (Chrono Boost)  
  153  8:59  Zealot x4  
  161  9:03  Assimilator  
  161  9:07  Assimilator  
  161  9:09  Colossus (Chrono Boost)  
  158  9:15  Zealot x2, Colossus (Chrono Boost)  
  172  9:20  Zealot x3  
  178  9:28  Zealot x3  
  184  9:36  Stalker x2  
  188  9:42  Stalker x3  
  194  9:49  Zealot x3  
  198  10:00  Stalker x2  
  200  10:11  Zealot  
  200  10:19  Zealot x5  
  184  10:22  Observer  
  184  10:25  Zealot x2  
  173  10:31  Immortal (Chrono Boost)  
  165  10:36  Zealot  
  165  10:41  Immortal (Chrono Boost)  
  158  10:43  Stalker x5  
  158  10:48  Stalker x2  
  174  10:58  Zealot  
  174  11:02  Templar Archives  
  174  11:03  Dark Shrine  
  176  11:04  Warp Prism (Chrono Boost)  
  176  11:09  Zealot x3  
  176  11:10  Zealot  
  186  11:16  Observer  
  186  11:17  Zealot  
  186  11:18  Zealot x2  
  190  11:36  Observer  
  190  11:37  Nexus  
  190  11:39  Pylon  
  191  11:42  Zealot x4  
  187  12:08  Zealot x8  
  159  12:29  Zealot x8  
Show
View Real Time Build Order
Export as new Build Order

Kelazhur Terran 

Build Orders: Reaper Expand, MMM Bio 

Get SALT Encoding   

  12  0:00  SCV  
  13  0:12  SCV  
  14  0:17  Supply Depot  
  14  0:24  SCV  
  15  0:38  SCV  
  15  0:40  Barracks  
  16  0:44  Refinery  
  16  0:50  SCV  
  17  1:02  SCV  
  18  1:15  SCV  
  19  1:28  Orbital Command, Reaper  
  20  1:43  Command Center  
  20  1:49  Supply Depot  
  20  1:53  SCV  
  21  2:00  Barracks Reactor  
  21  2:05  SCV  
  22  2:09  Barracks  
  22  2:17  SCV  
  22  2:21  Factory  
  23  2:29  SCV  
  24  2:34  Refinery  
  24  2:41  SCV, Marine x2  
  27  2:54  SCV  
  27  2:56  Orbital Command  
  28  2:59  Barracks Tech Lab, Marine  
  28  3:00  Marine  
  30  3:06  SCV  
  30  3:10  Widow Mine  
  33  3:14  Engineering Bay  
  33  3:16  Marine  
  33  3:17  Marine  
  33  3:19  Stimpack  
  35  3:20  Marine  
  35  3:24  SCV  
  37  3:30  SCV  
  37  3:36  SCV, Marine x2  
  40  3:41  Supply Depot  
  40  3:42  SCV  
  40  3:43  Terran Infantry Weapons Level 1  
  41  3:50  Marine  
  41  3:53  SCV  
  41  3:54  Marine x2  
  45  3:56  SCV  
  45  4:01  Starport  
  45  4:02  Factory Reactor  
  46  4:05  SCV, Supply Depot  
  46  4:08  Marine  
  48  4:11  SCV  
  48  4:12  Marine  
  48  4:14  Marine  
  51  4:17  SCV  
  51  4:23  SCV  
  53  4:26  Marine  
  53  4:29  Marine  
  53  4:30  SCV, Supply Depot  
  56  4:33  Marine  
  58  4:44  Marine  
  59  4:46  Medivac x2  
  59  4:47  Supply Depot  
  59  4:51  Marine  
  63  4:53  Marine  
  63  4:56  SCV  
  63  4:59  Factory Reactor  
  65  5:02  Command Center, Marine  
  66  5:09  SCV, Marine  
  68  5:16  SCV  
  68  5:18  Medivac x2  
  68  5:20  Supply Depot  
  73  5:21  SCV  
  73  5:23  Missile Turret  
  73  5:24  Marine x2  
  76  5:30  SCV  
  76  5:32  Refinery  
  76  5:33  Refinery, SCV  
  76  5:35  Barracks  
  78  5:36  Combat Shields  
  78  5:41  Marine  
  78  5:42  Marine x2  
  81  5:43  SCV, Supply Depot  
  81  5:47  SCV  
  83  5:57  SCV  
  84  5:59  Marine  
  84  6:00  Marine  
  86  6:04  Marine  
  86  6:07  SCV  
  86  6:08  Supply Depot  
  88  6:11  Supply Depot  
  88  6:14  Widow Mine x2  
  88  6:16  Marine  
  88  6:17  Marine  
  88  6:18  SCV  
  95  6:21  SCV  
  95  6:22  Marine  
  95  6:23  Barracks Tech Lab  
  97  6:28  Missile Turret  
  97  6:34  SCV  
  97  6:35  Marine x2  
  97  6:36  SCV  
  96  6:40  Marauder, Terran Infantry Armor Level 1  
  96  6:42  Widow Mine, Marauder  
  96  6:43  Widow Mine  
  104  6:48  SCV  
  104  6:53  SCV, Barracks x2  
  106  6:56  Orbital Command  
  106  7:00  Marine  
  106  7:01  Marine  
  108  7:03  Marine  
  108  7:06  SCV, Widow Mine x2  
  114  7:12  SCV  
  114  7:13  Marine  
  116  7:18  SCV, Marine x2  
  116  7:19  Concussive Shells  
  116  7:20  Medivac  
  116  7:21  Marauder  
  123  7:23  SCV  
  123  7:27  Medivac  
  119  7:31  Marauder  
  119  7:34  SCV  
  119  7:35  SCV, Marine  
  119  7:36  SCV, Marine  
  123  7:38  Supply Depot  
  123  7:39  Ghost Academy  
  123  7:41  Armory  
  123  7:42  Barracks Tech Lab, Barracks Reactor  
  123  7:46  SCV  
  123  7:50  Supply Depot  
  124  7:51  Supply Depot  
  124  7:53  Marauder  
  124  7:56  Supply Depot  
  125  7:59  Marine x2  
  125  8:00  Marauder  
  129  8:06  Marauder  
  129  8:12  Widow Mine x2  
  135  8:14  Liberator  
  135  8:16  Marauder  
  135  8:17  Marine x2  
  135  8:18  Liberator  
  135  8:19  Marine x2  
  141  8:21  Ghost  
  141  8:26  Supply Depot, Ghost  
  143  8:29  Supply Depot  
  143  8:34  SCV x2, Refinery, Terran Infantry Weapons Level 2  
  150  8:35  Marine  
  150  8:37  Ghost  
  150  8:38  Marine  
  157  8:48  Widow Mine x2, Marine x2  
  163  8:50  Supply Depot  
  163  8:51  Marauder  
  163  8:53  SCV x3, Marine  
  163  8:54  Refinery, Nuke  
  163  8:55  Marine  
  169  9:00  Marine  
  169  9:02  Missile Turret  
  171  9:06  Marauder  
  173  9:14  Widow Mine  
  173  9:15  Marauder  
  177  9:22  Marine  
  178  9:24  Marauder  
  178  9:29  Marine  
  181  9:33  Supply Depot  
  181  9:47  Marine  
  181  9:49  Marine  
  181  9:55  Marine, Marauder  
  181  10:03  Marine x2, Marauder  
  182  10:07  Command Center  
  182  10:14  Widow Mine x2, Medivac x2  
  174  10:23  Marine  
  174  10:24  Marauder, Marine  
  174  10:25  Marine  
  174  10:26  Liberator, Marine  
  174  10:27  Liberator  
  162  10:31  Marine  
  162  10:33  Marine  
  162  10:34  SCV x2  
  132  10:40  Widow Mine x2  
  132  10:41  Marine  
  119  10:46  Marauder  
  119  10:49  Marine  
  127  10:50  Marine, Marauder  
  127  10:52  Marine  
  127  10:55  SCV x2  
  130  11:01  Marine, Marauder  
  133  11:07  Marine  
  133  11:08  Marine x2  
  136  11:11  SCV x3, Marauder  
  136  11:13  Marine  
  136  11:16  Widow Mine  
  144  11:24  Marine, Marauder  
  147  11:26  Marine  
  147  11:32  Marine  
  147  11:33  Marauder, Marine  
  147  11:35  Widow Mine  
  147  11:37  Widow Mine  
  155  11:45  Marine  
  155  11:46  Marauder  
  156  11:47  Starport  
  156  11:50  Marine  
  156  11:51  Marauder, Marine x2  
  156  11:53  Refinery  
  157  12:00  Missile Turret  
  149  12:08  Marauder  
  108  12:12  Marine x4  
  108  12:14  Widow Mine x2  
Tags
 
Add a new tag
Caveats
  • Supply blocks, unpowered buildings, or Contaminate may cause inaccurate times.
  • Supply counts are checked every 10 seconds.